 Dungeon Crawl Stone Soup version 0.30.1-9-gdf580d7c3d (webtiles) character file.

Game seed: 13309847643938357175

0 Chiseanne the Shooter (level 1, 16/16 HPs)
             Began as a Demonspawn Wanderer on Oct 3, 2023.
             Quit the game on level 1 of the Dungeon.
             The game lasted 00:00:40 (105 turns).

Chiseanne the Shooter (Demonspawn Wanderer)          Turns: 105, Time: 00:00:41

Health: 16/16      AC:  4    Str: 13    XL:     1   Next: 8%
Magic:  2/2        EV: 11    Int: 10    God:
Gold:   27         SH:  0    Dex: 14    Spells: 1/2 levels left

rFire   . . .        a - +0 shortbow
rCold   . . .        (shield currently unavailable)
rNeg    . . .        d - +0 leather armour
rPois   .            (no helmet)
rElec   .            (no cloak)
rCorr   .            b - +0 pair of gloves
SInv    .            (no boots)
Will    .....        (no amulet)
Stlth   +            (no ring)
HPRegen 0.22/turn    (no ring)
MPRegen 0.08/turn

%: no passive effects
@: no status effects
A: no striking features
a: no special abilities


You were on level 1 of the Dungeon.
You visited 1 branch of the dungeon, and saw 1 of its levels.

You collected 27 gold pieces.

Inventory:

Hand Weapons
 a - a +0 shortbow (weapon)
Armour
 b - a +0 pair of gloves (worn)
 d - a +0 leather armour (worn)
Potions
 c - a potion of invisibility
 e - a potion of haste {unknown}


   Skills:
 + Level 2.0 Fighting
 - Level 2.6 Ranged Weapons
 - Level 1.0 Throwing
 - Level 1.0 Armour
 - Level 1.0 Dodging
 - Level 1.0 Spellcasting
 - Level 1.0 Ice Magic


You had one spell level left.
You knew the following spells:

 Your Spells              Type           Power      Damage    Failure   Level
a - Freeze                Ice            8%         1d3       28%         1

Your spell library contained the following spells:

 Spells                   Type           Power      Damage    Failure   Level
 Lesser Beckoning         Tloc           0%         N/A       54%         2
 Frozen Ramparts          Ice            4%         1d1       65%         3
 Gell's Gravitas          Tloc           0%         N/A       78%         3
 Teleport Other           Tloc           0%         N/A       78%         3


Dungeon Overview and Level Annotations

Branches:
Dungeon (1/15)

Altars:


Message History

Unknown command.
You don't have enough magic to cast this spell.
Unknown command.
Sorry, you're not good enough to have a special ability.
Unknown command.
You don't have enough magic to cast this spell.
Unknown command.
Fire: a) +0 shortbow
Press: ? - help, Q - select action, (/) - cycle Shift-Dir - straight line, f/p - frilled lizard
Aim: a frilled lizard (42% to hit)
You shoot an arrow.
The arrow closely misses the frilled lizard.
The frilled lizard bites you but does no damage.
Fire: a) +0 shortbow
Press: ? - help, Q - select action, (/) - cycle Shift-Dir - straight line, f/p - frilled lizard
Aim: a frilled lizard (42% to hit)
You shoot an arrow. The arrow misses the frilled lizard.
The frilled lizard bites you.
Fire: a) +0 shortbow
Press: ? - help, Q - select action, (/) - cycle Shift-Dir - straight line, f/p - frilled lizard
Aim: a frilled lizard (42% to hit)
You shoot an arrow.
The arrow hits the frilled lizard but does no damage.
The frilled lizard barely misses you.
The frilled lizard bites you but does no damage.
Fire: a) +0 shortbow
Press: ? - help, Q - select action, (/) - cycle Shift-Dir - straight line, f/p - frilled lizard
Aim: a frilled lizard (42% to hit)
You shoot an arrow.
The arrow closely misses the frilled lizard.
The frilled lizard barely misses you.
Fire: a) +0 shortbow
Press: ? - help, Q - select action, (/) - cycle Shift-Dir - straight line, f/p - frilled lizard
Aim: a frilled lizard (42% to hit)
You shoot an arrow. The arrow hits the frilled lizard!
You kill the frilled lizard!
Your magical contamination has completely faded away.
You now have 27 gold pieces (gained 14).
A goblin comes into view. It is wielding a +0 dagger.
Are you sure you want to abandon this character and quit the game? (Confirm with "yes".)

#####.#
#........#
......#
#.....##.#
......#
#.....##.#
......#
#.....##.########
......#
#.....##........#
.....##
#.....###.......#
###### #.....#
#.......#
#.#######.......#
#@.......####
#.######## #.#
#.# #.# ..g #.#
#.#


You could see a goblin (asleep).

Vanquished Creatures
  A frilled lizard (D:1)
1 creature vanquished.

Notes
Turn   | Place    | Note
-------+----------+-------------------------------------------
     0 | D:1      | Chiseanne the Demonspawn Wanderer began the quest for the
                  | Orb.
     0 | D:1      | Chiseanne set off with the following items: a +0 shortbow,
                  | a +0 pair of gloves, a potion of invisibility, a +0 leather
                  | armour; and the following spell memorised: Freeze; and the
                  | following spells available to memorise: Frozen Ramparts.
     0 | D:1      | Reached XP level 1. HP: 16/16 MP: 2/2
   105 | D:1      | Quit the game

Illustrated notes

Levels and vault maps discovered:
D:1:      onia_arrival_mini_spirals, layout_basic

Action                     || total
---------------------------++-------
   Fire: Shortbow          ||     5
   Cast: Freeze            ||     1
 Armour: Leather armour    ||     2
  Dodge: Dodged            ||     3
